 Dungeon Crawl Stone Soup version 0.17.0-28-g6e173f8 (webtiles) character file.

217 gorblad the Sneak (level 5, 0/46 HPs)
             Began as a Draconian Assassin on Nov 30, 2015.
             Killed by divine providence
             ... invoked by an orc priest
              (10 damage)
             ... on level 4 of the Dungeon.
             The game lasted 00:08:54 (3119 turns).

gorblad the Sneak (Draconian Assassin)              Turns: 3119, Time: 00:08:55

Health: 0/46       AC:  6    Str: 16    XL:     5   Next: 62%
Magic:  5/5        EV: 12    Int: 11    God:
Gold:   154        SH:  0    Dex: 13    Spells: 0 memorised, 4 levels left

rFire  . . .     SeeInvis .     a - +2 dagger
rCold  . . .     Clarity  .     (armour unavailable)
rNeg   . . .     SustAt   .     (no shield)
rPois  .         Gourm    .     (helmet restricted)
rElec  .         Spirit   .     c - +0 cloak
rCorr  .         Warding  .     (no gloves)
rMut   .         Stasis   .     (no boots)
MR     .....                    (no amulet)
Stlth  ++........               (no ring)
                                r - +2 ring of strength

@: not resistant to hostile enchantments, unstealthy
A: unfitting armour, cold-blooded, AC +5
a: no special abilities


You were on level 4 of the Dungeon.
You were not hungry.

You visited 1 branch of the dungeon, and saw 4 of its levels.

You collected 154 gold pieces.

Inventory:

Hand Weapons
 a - a +2 dagger (weapon)
 b - a +0 blowgun
Missiles
 d - 23 poisoned needles
 e - 2 curare-tipped needles
 i - a throwing net (quivered)
Armour
 c - a +0 cloak (worn)
Jewellery
 r - a +2 ring of strength (left hand)
Wands
 x - a wand of fireball (7)
Scrolls
 n - a scroll of identify
 o - 2 scrolls of enchant armour {unknown}
 q - a scroll of random uselessness {unknown}
 s - a scroll of blinking {unknown}
 t - a scroll of magic mapping {unknown}
 u - a scroll of remove curse {unknown}
 w - a scroll of immolation {unknown}
Potions
 g - a potion of curing
 j - a potion of invisibility {unknown}
 k - a potion of might {unknown}
 l - 2 potions of cancellation {unknown}
 p - a potion of brilliance {unknown}
 v - a potion of berserk rage {unknown}
Comestibles
 f - 2 bread rations
 h - 2 meat rations
 m - 2 beef jerkies


   Skills:
 + Level 3.8 Fighting
 + Level 3.9 Short Blades
 - Level 1.8 Throwing
 + Level 2.4 Dodging
 - Level 4.0 Stealth


You had 4 spell levels left.
You didn't know any spells.

Dungeon Overview and Level Annotations

Branches:
Dungeon (4/15)
 Temple: D:4-7

Altars:
Kikubaaqudgha


Innate Abilities, Weirdness & Mutations

Your plain brown scales are hard (AC +5).
Your body does not fit into most forms of armour.
You are cold-blooded and may be slowed by cold attacks.


Message History

You barely miss the orc priest.
The orc priest is heavily wounded.
The orc priest calls down the wrath of Beogh upon you.
Something smites you!
* * * LOW HITPOINT WARNING * * *
You are too injured to fight recklessly!
You are too injured to fight recklessly!
You are too injured to fight recklessly!
Drink which item? (? for menu, Esc to quit)
It was a potion of curing.
You feel better.
The orc priest calls down the wrath of Beogh upon you.
Pain shoots through your body!
* * * LOW HITPOINT WARNING * * *
The orc priest casts a cantrip, but nothing happens.
The orc priest looks braver for a moment.
The orc priest miscasts a cantrip.
You see here a worker ant corpse.
The orc priest invokes the aid of Beogh against you.
Something smites you!
You die...

#### #..# ##.<##
##....## #.(....#
#......##
#.......#####
#.........@.####
##....#.###....##
##..##..#####o.#
#.. ##.....##.###
### #####.##...##
#.###...###
#.........###
#####...#...#
#...###†#


You could see an orc priest.

Vanquished Creatures
  2 orc priests (D:3)
  2 worker ants (D:4)
  4 adders
  An ooze (D:1)
  An adder skeleton (D:4)
  2 worms
  6 orcs
  8 bats
  6 giant cockroaches
  7 hobgoblins
  6 kobolds
  2 quokkas
  2 ball pythons
  2 giant geckos
  A giant gecko skeleton (D:4)
  A giant newt (D:1)
  7 goblins
  11 rats
71 creatures vanquished.

Notes
Turn   | Place    | Note
--------------------------------------------------------------
     0 | D:1      | gorblad the Draconian Assassin began the quest for the Orb.
     0 | D:1      | Reached XP level 1. HP: 17/17 MP: 1/1
    42 | D:1      | Reached skill level 4 in Stealth
    55 | D:1      | Reached XP level 2. HP: 7/24 MP: 2/2
    76 | D:1      | HP: 1/24 [giant cockroach (2)]
   479 | D:1      | Reached skill level 1 in Dodging
   973 | D:1      | Reached XP level 3. HP: 30/30 MP: 3/3
  1726 | D:2      | Reached XP level 4. HP: 36/38 MP: 4/4
  2265 | D:3      | Reached XP level 5. HP: 26/45 MP: 5/5
  2862 | D:4      | Found an ancient bone altar of Kikubaaqudgha.
  3119 | D:4      | Killed from afar by an orc priest

Action                   |  1- 3 |  4- 6 || total
-------------------------+-------+-------++-------
Melee: Dagger            |   129 |   127 ||   256
  Use: Scroll            |     1 |       ||     1
       Potion            |       |     1 ||     1
 Stab: Sleeping          |     9 |     8 ||    17
       Distracted        |       |     1 ||     1
  Eat: Chunk             |     2 |     4 ||     6
       Beef jerky        |       |     1 ||     1
